 Dungeon Crawl Stone Soup version 0.30-a0-321-gf7783e6616 (webtiles) character file.

Game seed: 2765025650766524599

6983 Jorund the Artisan of Death (level 10, -3/74 HPs)
             Began as a Demonspawn Necromancer on Oct 27, 2022.
             Was a Priest of Kikubaaqudgha.
             Slain by Snorg (15 damage)
             ... on level 11 of the Dungeon.
             The game lasted 00:29:03 (11376 turns).

Jorund the Artisan of Death (DsNe)                 Turns: 11376, Time: 00:29:05

Health: -3/74      AC:  5    Str: 11    XL:     10   Next: 81%
Magic:  22/22      EV: 16    Int: 19    God:    Kikubaaqudgha [***...]
Gold:   444        SH:  0    Dex: 19    Spells: 9/25 levels left

rFire   + . .      SeeInvis .    t - +1 battleaxe (protect)
rCold   . . .      Faith    .    (shield currently unavailable)
rNeg    . . .      Spirit   .    l - +2 leather armour {rF+}
rPois   .          Reflect  .    (no helmet)
rElec   .          Harm     .    (no cloak)
rCorr   .          Rampage  .    (no gloves)
Will    .....                    (no boots)
Stlth   ++........               (no amulet)
HPRegen 0.32/turn                n - +6 ring of dexterity
MPRegen 0.18/turn                a - +4 ring of evasion

@: about to teleport, on berserk cooldown, slowed, very slow
A: claws 1, foul stench 2, demonic magic 2, MP-powered wands
a: Renounce Religion, Unearth Wretches


You were on level 11 of the Dungeon.
You worshipped Kikubaaqudgha.
Kikubaaqudgha was most pleased with you.
You visited 1 branch of the dungeon, and saw 11 of its levels.
You also visited: Ossuary.

You collected 543 gold pieces.
You spent 99 gold pieces at shops.

Inventory:

Hand Weapons
 f - a +0 hand axe of flaming
 r - a +0 war axe of venom
 t - a +1 battleaxe of protection (weapon)
Missiles
 i - 7 javelins
Armour
 l - a +2 leather armour of fire resistance (worn)
 w - a +0 ring mail of fire resistance
 z - a +0 leather armour of poison resistance
 C - a +0 scale mail of willpower
 I - the +0 scale mail "Wamer" {+Inv rF+ rC+ Int+3}
   (You found it on level 9 of the Dungeon)

   Int:       It affects your intelligence (+3).
   rF:        It protects you from fire.
   rC:        It protects you from cold.
   +Inv:      It lets you turn invisible.
Jewellery
 a - a +4 ring of evasion (right claw)
 c - a ring of flight
 e - a ring of resist corrosion
 n - a +6 ring of dexterity (left claw)
 B - a ring of protection from cold
 F - a ring of see invisible
Wands
 h - a wand of flame (8)
 A - a wand of digging (8)
Scrolls
 g - a scroll of butterflies
 k - 4 scrolls of teleportation
 p - a scroll of immolation
 s - a scroll of fear
 y - 4 scrolls of identify
 G - a scroll of enchant armour
 J - a scroll of poison
 K - a scroll of magic mapping
Potions
 b - 2 potions of magic
 d - 2 potions of haste
 j - a potion of flight
 m - 4 potions of curing
 o - a potion of heal wounds
 q - 3 potions of cancellation
 u - 4 potions of brilliance
 v - a potion of ambrosia
 x - 2 potions of attraction
 D - a potion of mutation


   Skills:
 + Level 5.2 Fighting
 + Level 8.1 Axes
 + Level 4.0 Armour
 - Level 1.7 Dodging
 - Level 1.7 Stealth
 + Level 8.2 Spellcasting
 + Level 10.3 Necromancy
 + Level 0.7 Evocations


You had 9 spell levels left.
You knew the following spells:

 Your Spells              Type           Power      Damage    Failure   Level
a - Necrotise             Necr           100%       1d9       1%          1
b - Vampiric Draining     Necr           47%        2d9       1%          3
c - Animate Dead          Necr           47%        N/A       1%          4
d - Dispel Undead         Necr           47%        3d18      1%          4
e - Anguish               Hex/Necr       13%        N/A       14%         4

Your spell library contained the following spells:

 Spells                   Type           Power      Damage    Failure   Level
 Sublimation of Blood     Necr           47%        N/A       1%          2
 Agony                    Necr           47%        N/A       4%          5
 Freeze                   Ice            28%        1d5       12%         1
 Magic Dart               Conj           28%        1d4       12%         1
 Sandblast                Erth           14%        2d6       12%         1
 Shock                    Conj/Air       28%        1d4       12%         1
 Call Imp                 Summ           7%         N/A       17%         2
 Ensorcelled Hibernation  Hex/Ice        14%        N/A       17%         2
 Passwall                 Tmut/Erth      5%         N/A       17%         2
 Death Channel            Necr           23%        N/A       26%         6
 Frozen Ramparts          Ice            14%        1d3       34%         3
 Gell's Gravitas          Tloc           7%         N/A       34%         3
 Hailstorm                Conj/Ice       7%         3d4       34%         3
 Ignite Poison            Fire/Tmut/Pois 7%         N/A       34%         3
 Kindle Blastsparks       Fire/Tloc/Air  14%        2d11      34%         3
 Mephitic Cloud           Conj/Pois/Air  7%         N/A       34%         3
 Ozocubu's Armour         Ice            7%         N/A       34%         3
 Summon Guardian Golem    Hex/Summ       7%         N/A       34%         3
 Swiftness                Air            7%         N/A       34%         3
 Teleport Other           Tloc           7%         N/A       34%         3
 Borgnjor's Vile Clutch   Necr/Erth      13%        N/A       36%         5
 Airstrike                Air            3%         2d(1-17)  75%         4
 Simulacrum               Ice/Necr       13%        N/A       91%         6
 Freezing Cloud           Conj/Ice/Air   3%         6-21      97%         5
 Dispersal                Tloc           3%         N/A       100%        6
 Malign Gateway           Summ/Tloc      3%         N/A       100%        7
 Ozocubu's Refrigeration  Ice            3%         4d8       100%        7


Dungeon Overview and Level Annotations

Branches:
Dungeon (11/15)            Temple (0/1) D:7            Lair (0/5) D:8
Ossuary (visited)
    Orc: D:9-12

Altars:
Hepliaklqana
Kikubaaqudgha
Makhleb
Nemelex Xobeh
Qazlal
Sif Muna
Trog
Uskayaw
Wu Jian

Shops:
D:2 ?   D:4 ?   D:7 *

Annotations:
D:8 Joseph, Maggie
D:10 exclusion: centaur warrior
D:11 Snorg


Innate Abilities, Weirdness & Mutations

You have sharp fingernails.
You sometimes emit foul miasma when damaged in melee.
Spells you cast may paralyse nearby enemies.
You expend magic power (3 MP) to strengthen your wands.


Message History

Snorg closely misses you. Snorg claws you. x2; Snorg bites you.
Snorg claws you but does no damage. Snorg claws you.
* * * LOW HITPOINT WARNING * * *
Your yak zombie closely misses Snorg.
Unknown command.
Unknown command.
You swap places.
Snorg bites your yak zombie! Snorg claws your yak zombie!
Snorg claws your yak zombie!!
Your yak zombie is destroyed!
Unknown command.
You feel a strong urge to attack something.
Snorg bites your yak zombie!! Snorg claws your yak zombie!
Snorg claws your yak zombie.
Your yak zombie gores the two-headed ogre.
Your yak zombie closely misses Snorg.
You are no longer berserk.
You are exhausted.
You feel yourself slow down.
Snorg bites something!
Snorg claws something!
Something hits your yak zombie but does no damage.
Something hits your yak zombie!!
You hear a shout!
Something bites your yak zombie!! Something claws your yak zombie!
Something claws your yak zombie!! Something hits your yak zombie!
Your yak zombie is destroyed!
Snorg bites your yak zombie!!
Your yak zombie is destroyed!
Blink to where?
Press: ? - help, Dir - move target
As you read the scroll of blinking, it crumbles to dust.
As you read the scroll of teleportation, it crumbles to dust.
You feel strangely unstable.
Okay, then.
Okay, then.
You feel much better. Snorg barely misses you. Snorg claws you!
You emit a cloud of foul miasma!
Snorg barely misses you.
Snorg is engulfed in dark miasma.
Snorg is poisoned.
Snorg bites you!!
* * * LOW HITPOINT WARNING * * *
Snorg barely misses you. Snorg claws you!
You die...
Kikubaaqudgha rasps: "You have failed me!
Welcome... death!"

.###.#Z#####Z# .#
##..# #..# .#
##.######### .#
#...#.....# .#
#...#..#..### .#
#.#Z'.###Z'.# .#
#.###.|#.Z#.#
.#####.# #.ZZ..#.#
....†..#########@#
..<......# #^#T#
.####.##.# #...#
## #.>.#.# #.###
#..>...# #O#
.........# #.#
###.......# #.#
.#...#..####.#
............#O#


You could see Snorg (berserk, poisoned) and a two-headed ogre.

Vanquished Creatures
  Pikel (D:7)
  4 trolls
  7 yaks
  A wraith (D:9)
  2 wyverns
  A water moccasin (D:8)
  An orc warrior (D:9)
  2 sky beasts
  A black bear (D:4)
  2 ice beasts
  A centaur (D:5)
  A lemure (D:7)
  An ogre (D:3)
  A bullfrog (D:8)
  2 scorpions
  A gnoll sergeant (D:7)
  A necrophage (D:4)
  2 water moccasin zombies (Ossuary)
  10 wights
  9 killer bees (D:9)
  12 howler monkeys
  An electric eel (D:10)
  3 jellies
  A hound (D:4)
  5 orc priests
  3 gnoll boudas
  5 iguanas
  4 orc wizards
  2 mummies (Ossuary)
  14 gnolls
  9 adders
  A shadow imp (D:7)
  3 white imps
  2 ufetubi
  2 adder zombies (Ossuary)
  A dart slug (D:1)
  26 orcs
  9 ball pythons
  5 endoplasms
  3 giant cockroaches
  10 goblins
  4 hobgoblins
  3 jackals (D:1)
  4 quokkas
  3 bats
  4 frilled lizards
  4 gnoll zombies (Ossuary)
  10 hobgoblin zombies (Ossuary)
  6 kobolds
  4 kobold zombies (Ossuary)
  5 orc zombies (Ossuary)
  4 rats
  2 rat zombies (D:8)
225 creatures vanquished.

Vanquished Creatures (collateral kills)
  3 yaks (D:11)
  2 howler monkeys
  An orc priest (D:9)
  A gnoll (D:7)
  A dart slug (D:1)
  2 orcs (D:9)
  An endoplasm (D:1)
  A rat (D:2)
12 creatures vanquished.

Vanquished Creatures (others)
  4 yak zombies (D:11)
  3 howler monkey zombies
  A jelly zombie (D:7)
  7 gnoll zombies (D:7)
  An orc zombie (D:8)
16 creatures vanquished.

Grand Total: 253 creatures vanquished

Notes
Turn   | Place    | Note
-------+----------+-------------------------------------------
     0 | D:1      | Jorund the Demonspawn Necromancer began the quest for the
                  | Orb.
     0 | D:1      | Reached XP level 1. HP: 13/13 MP: 3/3
   234 | D:1      | Gained mutation: You have sharp fingernails. [demonic
                  | ancestry]
   234 | D:1      | Reached XP level 2. HP: 19/19 MP: 0/5
   363 | D:1      | Reached skill level 5 in Necromancy
   631 | D:1      | Reached XP level 3. HP: 24/24 MP: 4/6
   769 | D:1      | Learned a level 3 spell: Vampiric Draining
   845 | D:2      | Identified the +0 scale mail of Inviolability {Fly Int+4}
  1137 | D:2      | Found Veogutz's Magic Scroll Emporium.
  1293 | D:2      | Found a faded altar of an unknown god.
  1731 | D:3      | Noticed an ogre
  1841 | D:3      | Found a sparkling altar of Nemelex Xobeh.
  1907 | D:3      | Gained mutation: Spells you cast may paralyse adjacent
                  | enemies. [demonic ancestry]
  1907 | D:3      | Reached XP level 4. HP: 27/31 MP: 3/8
  2014 | D:3      | Killed an ogre
  2015 | D:3      | Reached skill level 1 in Fighting
  2015 | D:3      | Reached skill level 1 in Axes
  2015 | D:3      | Reached XP level 5. HP: 32/37 MP: 2/9
  2319 | D:4      | Noticed a black bear
  2327 | D:4      | Killed a black bear
  2328 | D:4      | Reached skill level 6 in Necromancy
  2328 | D:4      | Gained mutation: You may rarely emit foul miasma when
                  | damaged in melee. [demonic ancestry]
  2328 | D:4      | Reached XP level 6. HP: 43/43 MP: 0/11
  2690 | D:4      | Found Boaho's Magic Scroll Shop.
  2713 | D:4      | Bought a scroll of identify for 22 gold pieces
  2714 | D:4      | Bought a scroll of identify for 22 gold pieces
  2840 | D:4      | Learned a level 4 spell: Animate Dead
  2856 | D:4      | Found a bloodstained altar of Trog.
  3154 | D:4      | Found an ancient bone altar of Kikubaaqudgha.
  3206 | D:4      | Reached XP level 7. HP: 36/48 MP: 10/13
  3453 | D:4      | Found a burning altar of Makhleb.
  3543 | D:4      | Bought a scroll of teleportation for 33 gold pieces
  3545 | D:4      | Bought a scroll of identify for 22 gold pieces
  3552 | D:5      | Entered Level 5 of the Dungeon
  3799 | D:5      | Reached skill level 7 in Necromancy
  3899 | D:5      | Reached skill level 5 in Spellcasting
  4107 | D:5      | Reached skill level 1 in Armour
  4935 | D:6      | Found a shimmering blue altar of Sif Muna.
  4945 | D:6      | Found a hide-covered altar of Uskayaw.
  4945 | D:6      | Found an ornate altar of the Wu Jian Council.
  4946 | D:6      | Found a hazy altar of Hepliaklqana.
  4946 | D:6      | Found a stormy altar of Qazlal.
  4976 | D:6      | Gained mutation: Spells you cast may paralyse nearby
                  | enemies. [demonic ancestry]
  4976 | D:6      | Reached XP level 8. HP: 36/56 MP: 16/16
  5793 | D:4      | Became a worshipper of Kikubaaqudgha
  5842 | D:7      | Found Sism's Assorted Antiques.
  5848 | D:7      | Gained mutation: You expend magic power (3 MP) to
                  | strengthen your wands. [potion of mutation]
  6213 | D:7      | Reached skill level 8 in Necromancy
  6613 | D:7      | Noticed Pikel
  6628 | D:7      | Killed Pikel
  6629 | D:7      | Reached skill level 5 in Axes
  6629 | D:7      | Gained mutation: You sometimes emit foul miasma when
                  | damaged in melee. [demonic ancestry]
  6629 | D:7      | Reached XP level 9. HP: 64/64 MP: 11/19
  6920 | D:7      | Found a staircase to the Ecumenical Temple.
  6984 | D:7      | Reached * piety under Kikubaaqudgha
  6984 | D:7      | Received a gift from Kikubaaqudgha
  7650 | D:7      | Reached skill level 9 in Necromancy
  7779 | D:8      | Noticed Maggie
  8061 | D:8      | Got Mupnish's Vellum of the Friendly Ground
  8063 | D:8      | Noticed Joseph
  8247 | D:8      | Found a sand-covered staircase.
  8254 | Ossuary  | Entered an ossuary
  8261 | Ossuary  | Reached ** piety under Kikubaaqudgha
  8658 | D:8      | Found a staircase to the Lair.
  8713 | D:8      | Reached XP level 10. HP: 73/73 MP: 16/20
  8780 | D:8      | Identified the +8 spear "Lalo" {pain, rPois rC- rN+}
  9735 | D:9      | Identified the +0 scale mail "Wamer" {+Inv rF+ rC+ Int+3}
  9991 | D:10     | Entered Level 10 of the Dungeon
 10266 | D:10     | Noticed a centaur warrior
 10477 | D:10     | Reached skill level 5 in Fighting
 10713 | D:10     | Reached *** piety under Kikubaaqudgha
 10713 | D:10     | Received a gift from Kikubaaqudgha
 10720 | D:10     | Learned a level 4 spell: Dispel Undead
 11039 | D:10     | Learned a level 4 spell: Anguish
 11061 | D:11     | Reached skill level 10 in Necromancy
 11358 | D:11     | Noticed Snorg
 11363 | D:11     | Noticed a two-headed ogre
 11376 | D:11     | Slain by Snorg

Illustrated notes

Levels and vault maps discovered:
D:1:      eino_arrival_water_star, layout_basic
D:2:      layout_basic, ebering_ecumenical_altar_sacrificial, serial_shops,
          nicolae_shop_hallway_plus
D:3:      layout_loops_ring, nemelex_spade_bored_becter
D:4:      kennysheep_six_static_rooms, layout_basic,
          mainiacjoe_overflow_surrounded_room, minitemple, serial_shops, shop
D:5:      layout_basic
D:6:      layout_basic, grunt_temple_overflow_open, serial_glass,
          glass_columns_c, glass_columns_b
D:7:      layout_basic, minmay_temple_entry_statues_fountains, enter_bailey_2,
          serial_shops, nicolae_shop_stone, uniq_pikel
D:8:      layout_loops_ring, lair_entry_dummy, enter_ossuary_4,
          wad_rectangle_vault, uniq_joseph, uniq_maggie
D:9:      layout_long_grid
D:10:     layout_irregular_city, fungi_pond_lemuel
D:11:     layout_loops_ring, minmay_misc_feat_rows, kennysheep_generic_room_13,
          uniq_snorg

Skill      XL: |  1  2  3  4  5  6  7  8  9 10 |
---------------+-------------------------------+-----
Necromancy     | 5 6 7 8 9 10 | 10.3
Fighting       | 1 2 3 4 5 |  5.2
Axes           | 1 2 3 5 6 8 |  8.1
Spellcasting   | 3 4 5 6 7 8 |  8.2
Armour         | 1 3 4 |  4.0
Dodging        | |  1.7
Stealth        | |  1.7
Evocations     | |  0.7

Action                   |  1- 3 |  4- 6 |  7- 9 | 10-12 || total
-------------------------+-------+-------+-------+-------++-------
Melee: Hand axe          |    77 |    73 |   111 |       ||   261
       Unarmed           |     4 |       |       |       ||     4
       Punch             |       |     2 |     6 |       ||     8
       War axe           |       |       |   142 |       ||   142
       Battleaxe         |       |       |    80 |    96 ||   176
 Cast: Necrotise         |    49 |    41 |    30 |     8 ||   128
       Vampiric Draining |       |     9 |    36 |    21 ||    66
       Animate Dead      |       |       |     5 |     2 ||     7
Evoke: Wand              |       |       |     6 |       ||     6
  Use: Scroll            |     6 |     7 |    14 |     4 ||    31
       Potion            |       |     1 |     6 |     3 ||    10
 Stab: Sleeping          |     2 |     1 |     6 |       ||     9
       Paralysed         |       |    26 |    61 |    20 ||   107
       Distracted        |       |       |       |     1 ||     1
Armor: Robe              |    13 |     4 |       |       ||    17
       Leather armour    |       |     6 |    63 |    18 ||    87
Dodge: Dodged            |    62 |    39 |   253 |   120 ||   474

Table legend: (Time is in decaauts)
 A = Elapsed time spent in this place.
 B = Non-inter-level travel time spent in this place.
 C = Inter-level travel time spent in this place.
 D = Time resting spent in this place.
 E = Time spent auto-exploring this place.
 F = Levels seen in this place.
 G = Mean time per level.
                   A        B        C        D        E       F      G
               +--------+--------+--------+--------+--------+-----+--------+
         Total |  11553 |  11188 |    365 |   1453 |   7483 |  12 |  962.8 |
       Dungeon |  11255 |  10890 |    365 |   1453 |   7320 |  11 | 1023.2 |
       Ossuary |    298 |    298 |      0 |      0 |    163 |   1 |  298.0 |
               +--------+--------+--------+--------+--------+-----+--------+

Top non-repeatable levels by time:
     D:7: 1749 daAuts
     D:5: 1335 daAuts
     D:4: 1206 daAuts
     D:8: 1140 daAuts
     D:6: 1135 daAuts
    D:10: 1057 daAuts
     D:3: 1041 daAuts
     D:9: 876 daAuts
     D:1: 781 daAuts
     D:2: 588 daAuts
    D:11: 343 daAuts
 Ossuary: 298 daAuts
